 Dungeon Crawl Stone Soup version 0.21.0-3-g78d12a8 (webtiles) character file.

54 Suckerboh the Firebug (level 3, 0/19 HPs)
             Began as a Deep Elf Fire Elementalist on Jan 15, 2018.
             Killed from afar by Natasha (8 damage)
             ... with a magic dart
             ... on level 2 of the Dungeon.
             The game lasted 00:02:51 (1401 turns).

Suckerboh the Firebug (Deep Elf Fire Elementalist)  Turns: 1401, Time: 00:02:53

Health: 0/19       AC:  2    Str:  5    XL:     3   Next: 66%
Magic:  5/10       EV: 13    Int: 20    God:
Gold:   57         SH:  0    Dex: 15    Spells: 8/9 levels left

rFire    . . .     SeeInvis .   a - +1 dagger (venom)
rCold    . . .     Gourm    .   (no shield)
rNeg     . . .     Faith    .   h - +0 robe
rPois    .         Spirit   .   (no helmet)
rElec    .         Reflect  .   (no cloak)
rCorr    .         Harm     .   (no gloves)
MR       .....                  (no boots)
Stlth    ++........             (no amulet)
HPRegen  0.06/turn              (no ring)
MPRegen  0.12/turn              (no ring)

@: very slightly contaminated
A: no striking features
a: no special abilities


You were on level 2 of the Dungeon.
You were not hungry.

You visited 1 branch of the dungeon, and saw 2 of its levels.

You collected 57 gold pieces.

Inventory:

Hand Weapons
 a - a +1 dagger of venom (weapon)
Armour
 h - a +0 robe (worn)
Scrolls
 d - 4 scrolls of teleportation {unknown}
 e - a scroll of enchant weapon {unknown}
 f - a scroll of remove curse {unknown}
 i - a scroll of identify {unknown}
Potions
 g - a potion of haste {unknown}
 k - a potion of curing {unknown}
Books
 b - a book of Flames

   Spells                             Type                      Level
   a - Flame Tongue                   Conjuration/Fire             1
   b - Throw Flame                    Conjuration/Fire             2
   c - Conjure Flame                  Conjuration/Fire             3
   d - Inner Flame                    Hexes/Fire                   3
   e - Sticky Flame                   Conjuration/Fire             4
   f - Fireball                       Conjuration/Fire             5
Comestibles
 c - a ration
 j - a chunk of flesh


   Skills:
 + Level 0.6 Short Blades
 + Level 2.5 Dodging
 - Level 2.4 Stealth
 + Level 3.8 Spellcasting
 * Level 2.1 Conjurations
 + Level 4.0 Fire Magic


You had 8 spell levels left.
You knew the following spells:

 Your Spells              Type           Power        Failure   Level  Hunger
a - Flame Tongue          Conj/Fire      ###..        3%          1    None


Dungeon Overview and Level Annotations

Branches:
Dungeon (2/15)

Altars:

Annotations:
D:2 Natasha


Message History

Casting: Flame Tongue
Confirm with . or Enter, or press ? or * to list all spells.
Aiming: Flame Tongue
Press: ? - help, Shift-Dir - straight line, f/p - Natasha
Aim: Natasha (heavily wounded)
The flame tongue hits Natasha.
Natasha is almost dead.
Natasha mumbles some strange words.
Casting: Flame Tongue
Confirm with . or Enter, or press ? or * to list all spells.
Aiming: Flame Tongue
Press: ? - help, Shift-Dir - straight line, f/p - Natasha
Aim: Natasha (almost dead)
You miscast Flame Tongue.
You are very lightly contaminated with residual magic.
The air around you crackles with energy!
The crimson imp shouts, "Remove thy stench, thou rough-hewn ill-nurtured hugger-mugger!"
Natasha stares at you and mumbles some strange words.
The magic dart hits you!
You die...

..........#........##
# .....<..<#....####.#
......^.##.#........
### ........##.#######
... ........##.# .##
########...# ###
######..#######....
######......####5....#
..#.............@5##
..#.#..##########h.#
......## ##.####.##.
..##### #......... ..#
#..######. ..#
#..##..## ###
##..()..# #...#...#
#..##....#


You could see Natasha, a crimson imp and a shadow imp.

Vanquished Creatures
  An adder (D:2)
  A worm (D:2)
  2 leopard geckos (D:2)
  9 bats
  4 goblins
  6 hobgoblins
  8 kobolds
  A frilled lizard (D:2)
  8 rats
40 creatures vanquished.

Notes
Turn   | Place    | Note
-------+----------+-------------------------------------------
     0 | D:1      | Suckerboh the Deep Elf Fire Elementalist began the quest for the Orb.
     0 | D:1      | Reached XP level 1. HP: 10/10 MP: 6/6
   103 | D:1      | Reached XP level 2. HP: 15/15 MP: 2/8
   910 | D:2      | Found a faded altar of an unknown god.
   943 | D:2      | Reached XP level 3. HP: 19/19 MP: 8/10
   948 | D:2      | Reached skill level 4 in Fire Magic
  1388 | D:2      | Noticed Natasha
  1401 | D:2      | Killed from afar by Natasha

Skill      XL: |  1  2  3 |
---------------+----------+-----
Fire Magic     | 4 |  4.0
Conjurations   | 2 |  2.1
Short Blades   | |  0.6
Dodging        | |  2.5
Stealth        | |  2.4
Spellcasting   | |  3.8

Action                   || total
-------------------------++-------
Melee: Dagger            ||    20
 Cast: Flame Tongue      ||    67
 Stab: Sleeping          ||     1
  Eat: Chunk             ||     1
Armor: Robe              ||    14
Dodge: Dodged            ||    41
